 Dungeon Crawl Stone Soup version 0.28.0-43-g3370ac3207 (webtiles) character file.

Game seed: 13369947360547085247

144 crimpus the Poker (level 5, -1/41 HPs)
             Began as a Merfolk Gladiator on Mar 27, 2022.
             Slain by Sigmund
             ... wielding a +0 scythe
              (9 damage)
             ... on level 2 of the Dungeon.
             The game lasted 00:01:56 (2235 turns).

crimpus the Poker (Merfolk Gladiator)               Turns: 2235, Time: 00:01:57

Health: -1/41      AC:  4    Str: 14    XL:     5   Next: 27%
Magic:  5/5        EV: 14    Int:  8    God:
Gold:   121        SH:  0    Dex: 17    Spells: 4/4 levels left

rFire   . . .      SeeInvis .   a - +0 trident
rCold   . . .      Faith    .   (no shield)
rNeg    . . .      Spirit   .   b - +0 leather armour
rPois   .          Reflect  .   c - +0 helmet
rElec   .          Harm     .   (no cloak)
rCorr   .          Rampage  .   (no gloves)
Will    .....                   (no boots)
Stlth   ++........              (no amulet)
HPRegen 0.13/turn               (no ring)
MPRegen 0.09/turn               (no ring)

@: no status effects
A: (nimble swimmer 2), mertail
a: no special abilities


You were on level 2 of the Dungeon.
You visited 1 branch of the dungeon, and saw 2 of its levels.

You collected 121 gold pieces.

Inventory:

Hand Weapons
 a - a +0 trident (weapon)
Missiles
 d - 2 throwing nets (quivered)
Armour
 b - a +0 leather armour (worn)
 c - a +0 helmet (worn)
Jewellery
 h - a +6 ring of dexterity
Scrolls
 f - 3 scrolls of blinking {unknown}
 i - a scroll of immolation {unknown}
 m - 2 scrolls of identify {unknown}
 n - a scroll of noise {unknown}
Potions
 e - a potion of might {unknown}
 g - a potion of curing {unknown}
 j - a potion of haste {unknown}
 k - a potion of attraction {unknown}
 l - a potion of mutation {unknown}


   Skills:
 * Level 3.1 Fighting
 * Level 6.4 Polearms
 - Level 2.0 Throwing
 - Level 0.1 Armour
 * Level 4.9 Dodging
 + Level 2.1 Stealth


You had 4 spell levels left.
You didn't know any spells.
Your spell library was empty.

Dungeon Overview and Level Annotations

Branches:
Dungeon (2/15)

Altars:

Annotations:
D:2 Sigmund


Innate Abilities, Weirdness & Mutations

((You are very nimble when in or above water. (Stealth+, EV+, Speed+++)))
Your lower body shifts to a powerful aquatic tail in water.


Message History

You reach to attack!
You puncture Sigmund!
Sigmund is heavily wounded.
Sigmund gestures at you while chanting. The puff of flame hits you!
You reach to attack!
You hit Sigmund but do no damage.
Sigmund is heavily wounded.
Sigmund points at you and mumbles some strange words.
The puff of flame hits you.
You reach to attack!
You hit Sigmund.
Sigmund is severely wounded.
Sigmund mumbles some strange words.
Sigmund flickers and vanishes!
Deactivating autopickup; reactivate with Ctrl-A.
No target in view!
No target in view!
No target in view!
No target in view!
No target in view!
No target in view!
No target in view!
No target in view!
No target in view!
No target in view!
No target in view!
No target in view!
Something hits you.
You hit something but do no damage.
You hear some strange, mumbled words.
A magic dart appears from out of thin air!
The magic dart hits you.
You closely miss something. Something hits you.
You hit something but do no damage. You hit something. Something hits you.
* * * LOW HITPOINT WARNING * * *
You closely miss something.
You hear some strange, mumbled words.
Something tries to affect you, but you resist.
You barely miss something. You barely miss something. Something hits you!
You die...

#.###.######### #...#######
#.#..>........######......>..###
##.#<...............'.........'..
#..#.#)#.........####.........###
#.##.#.#...####..# #.........##.
#.##.#.#)#.......# #.........##.
#.##.#.#.#.###...# #.........##.
.....#.###.# #.#.# ####.<....##.
######.#.#.###.#@##### #......##.
#....#.#.....#{....# ##'######.
#....#....##.#...#.# #.# #.
#....#.......#...#.# #.# ##
###...#####......#.#.# #.#
......########.###...####.#
##........# #.......#....# ####
##........# #####...#.##.# #...
.#........# #.....##.# #...


There were no monsters in sight!

Vanquished Creatures
  A hound (D:2)
  A hound skeleton (D:2)
  4 adders (D:2)
  2 worms (D:2)
  A dart slug (D:2)
  7 bats
  4 endoplasms
  2 giant cockroaches
  5 goblins
  4 hobgoblins (D:1)
  8 jackals (D:2)
  5 kobolds
  3 quokkas
  3 ball pythons
  A frilled lizard (D:2)
  A jackal skeleton (D:2)
  2 rats (D:1)
54 creatures vanquished.

Notes
Turn   | Place    | Note
-------+----------+-------------------------------------------
     0 | D:1      | crimpus the Merfolk Gladiator began the quest for the Orb.
     0 | D:1      | Reached XP level 1. HP: 16/16 MP: 1/1
   154 | D:1      | Reached skill level 1 in Stealth
   154 | D:1      | Reached XP level 2. HP: 22/22 MP: 2/2
   352 | D:1      | Reached skill level 5 in Polearms
   442 | D:1      | Reached XP level 3. HP: 28/28 MP: 3/3
   702 | D:1      | Found a faded altar of an unknown god.
   779 | D:2      | Noticed Sigmund
  1485 | D:2      | Reached XP level 4. HP: 24/34 MP: 4/4
  1643 | D:2      | Reached skill level 6 in Polearms
  1876 | D:2      | Reached XP level 5. HP: 33/41 MP: 5/5
  2235 | D:2      | Slain by Sigmund

Illustrated notes

Levels and vault maps discovered:
D:1:      minmay_arrival_radiant_lines, layout_loops_cross,
          dilly_ecumenical_altar_fadedgnrine
D:2:      layout_basic, hangedman_decor_peaks_small, uniq_sigmund

Skill      XL: |  1  2  3  4 |
---------------+-------------+-----
Stealth        | 1 2 |  2.1
Polearms       | 5 6 |  6.4
Fighting       | 3 |  3.1
Throwing       | |  2.0
Armour         | |  0.1
Dodging        | |  4.9

Action                   |  1- 3 |  4- 6 || total
-------------------------+-------+-------++-------
Melee: Trident           |   126 |    80 ||   206
       Punch             |     2 |     2 ||     4
Throw: Throwing net      |     1 |       ||     1
 Stab: Sleeping          |     4 |     1 ||     5
       Distracted        |       |     1 ||     1
Armor: Leather armour    |    32 |    18 ||    50
Dodge: Dodged            |   113 |    59 ||   172
